 Dungeon Crawl Stone Soup version 0.31-a0-986-g5e6e4ef867 (webtiles) character file.

Game seed: 15648495565459087006

1591 Gelion the Insei (level 8, 0/54 HPs)
             Began as an Octopode Shapeshifter on Nov 18, 2023.
             Slain by a bullfrog (6 damage)
             ... on level 5 of the Dungeon.
             The game lasted 00:10:14 (6214 turns).

Gelion the Insei (Octopode Shapeshifter)            Turns: 6214, Time: 00:10:15

Health: 0/54       AC:  1    Str: 13    XL:     8   Next: 93%
Magic:  8/8        EV: 15    Int: 12    God:
Gold:   873        SH:  0    Dex: 14    Spells: 7/7 levels left

rFire   . .          .
                       - Unarmed
rCold   . . .        (no shield)
rNeg    . . .        (helmet currently unavailable)
rPois   .            f - amulet of the acrobat
rElec   .            (no ring)
rCorr   .            (no ring)
SInv    .            (no ring)
Will    .....        (no ring)
Stlth   ++           (no ring)
HPRegen 0.29/turn    (no ring)
MPRegen 0.11/turn    (no ring)
                     (no ring)

%: acrobat
@: beast-form
A: beast (slay +3), almost no armour, amphibious, 8 rings, camouflage 1,
gelatinous body 1, (nimble swimmer 1), tentacles
a: Begin Untransformation


You were on level 5 of the Dungeon.
You were a hulking beast.
You visited 1 branch of the dungeon, and saw 6 of its levels.

You collected 873 gold pieces.

Inventory:

Jewellery
 f - an amulet of the acrobat (around mantle)
Talismans
 b - a beast talisman
 c - a flux talisman
 p - a serpent talisman
Wands
 l - a wand of flame (8)
Scrolls
 a - 2 scrolls of fear
 d - a scroll of enchant armour
 j - 3 scrolls of teleportation
 m - a scroll of summoning
Potions
 e - a potion of lignification
 g - a potion of haste
 h - 4 potions of curing
 i - a potion of brilliance
 k - a potion of mutation
 o - a potion of magic


   Skills:
 + Level 4.8 Fighting
 + Level 5.2 Dodging
 * Level 7.5 Unarmed Combat
 + Level 5.3 Shapeshifting


You had 7 spell levels left.
You didn't know any spells.
Your spell library contained the following spells:

 Spells                   Type           Power      Damage    Failure   Level
 Kiss of Death            Conj/Necr      0%         2d5       32%         1
 Summon Small Mammal      Summ           0%         N/A       32%         1
 Call Canine Familiar     Summ           0%         N/A       69%         3
 Confusing Touch          Hex            0%         N/A       69%         3
 Summon Guardian Golem    Hex/Summ       0%         N/A       69%         3
 Dispel Undead            Necr           0%         3d6       97%         4


Dungeon Overview and Level Annotations

Branches:
Dungeon (6/15)             Temple (0/1) D:6

Altars:
Cheibriados
Fedhas
Kikubaaqudgha
Okawaru
Sif Muna
Zin
The Shining One

Annotations:
D:6 Pikel


Innate Abilities, Weirdness & Mutations

You are a hulking beast.
Your limbs bulge with bestial killing power. (Slay +3)
You cannot wear most types of armour.
You are amphibious.
You can wear up to eight rings at the same time.
Your skin changes colour to match your surroundings (Stealth+).
Your rubbery body absorbs attacks. (AC +1, EV +1)
((You are camouflaged when in or above water. (Stealth+)))
You have tentacles for arms and can constrict up to eight enemies at once.


Message History

The ice beast is lightly wounded.
The ufetubus barely misses you. The ufetubus hits you. The ice beast hits you.
The ice beast freezes you! The ufetubus slips past you!
The ufetubus closely misses you. The ufetubus barely misses you.
The ufetubus hits you. The ufetubus barely misses you.
You are too injured to fight recklessly!
The ice beast attacks as it pursues you!
The ice beast hits you. The ice beast freezes you.
The ufetubus completely misses you. x2
The ice beast attacks as it pursues you!
The ice beast completely misses you. The ufetubus attacks as it pursues you!
The ufetubus closely misses you. The ufetubus completely misses you.
The ufetubus attacks as it pursues you! The ufetubus completely misses you.
The ufetubus misses you. The ufetubus completely misses you. x2
The bullfrog attacks as it pursues you! The bullfrog completely misses you.
Found 10 gold pieces.
The bullfrog completely misses you. The ufetubus completely misses you.
The ufetubus misses you. The bullfrog completely misses you.
The ufetubus misses you. x2
The bullfrog misses you.
There is a stone staircase leading up here.
Unknown command.
The ufetubus closely misses you. x2; The bullfrog hits you!
* * * LOW HITPOINT WARNING * * *
The ufetubus slips past you! The ufetubus closely misses you. x2
The bullfrog closely misses you. The ufetubus slips past you!
The ufetubus misses you. The ufetubus barely misses you.
You climb upwards.
There is a stone staircase leading down here.
You tentacle-slap the bullfrog. You grab the bullfrog.
The bullfrog is lightly wounded.
You constrict the bullfrog. The ufetubus barely misses you.
The ufetubus misses you. The bullfrog hits you.
* * * LOW HITPOINT WARNING * * *
You tentacle-slap the bullfrog.
The bullfrog is heavily wounded.
You constrict the bullfrog. The ufetubus hits you.
* * * LOW HITPOINT WARNING * * *
The ufetubus barely misses you. The bullfrog hits you.
You die...

###...................<.........
#..[#.........................
##..<..........................
##..............................
##...............................
#..##............................
..###............................
................F................
................h5...............
.................................
.......[.........................
.......................#######...
......................## ##..#
.....................## #...#
....................## #...#
....................## ##..##
......########.......## #...#


You could see a bullfrog and an ufetubus.

Vanquished Creatures
  Sigmund (D:3)
  Eustachio (D:5)
  The ghost of Tollund the Conjurer, an amateur DECj (D:3)
  Duvessa (D:5)
  An ice beast (D:6)
  3 lemures (D:6)
  2 phantoms
  A bullfrog (D:3)
  A scorpion (D:5)
  Dowan (D:5)
  3 hounds
  A jelly (D:4)
  A gnoll bouda (D:4)
  Jessica (D:3)
  6 iguanas
  Natasha (thrice) (D:2)
  Ijyb (D:4)
  7 gnolls
  8 adders
  A white imp (D:5)
  4 dart slugs
  11 orcs
  4 ball pythons
  12 endoplasms
  A giant cockroach (D:1)
  15 goblins
  4 hobgoblins
  5 kobolds
  2 quokkas
  5 bats
  3 frilled lizards
  6 rats
117 creatures vanquished.

Notes
Turn   | Place    | Note
-------+----------+-------------------------------------------
     0 | D:1      | Gelion the Octopode Shapeshifter began the quest for the
                  | Orb.
     0 | D:1      | Reached XP level 1. HP: 13/13 MP: 1/1
   266 | D:1      | Reached XP level 2. HP: 12/18 MP: 2/2
   983 | D:2      | Noticed Natasha
   990 | D:2      | Killed Natasha
   991 | D:2      | Reached XP level 3. HP: 5/23 MP: 3/3
  1127 | D:2      | Noticed Natasha
  1143 | D:2      | Killed Natasha
  1144 | D:2      | Reached XP level 4. HP: 5/29 MP: 4/4
  1466 | D:2      | Reached skill level 4 in Unarmed Combat
  2028 | D:2      | Noticed Natasha
  2034 | D:2      | Killed Natasha
  2035 | D:2      | Reached XP level 5. HP: 26/34 MP: 5/5
  2093 | D:2      | Identified a scroll of acquirement
  2093 | D:2      | Acquired 602 gold pieces
  2114 | D:3      | Noticed Jessica
  2122 | D:3      | Killed Jessica
  2556 | D:3      | Reached XP level 6. HP: 41/41 MP: 6/6
  2835 | D:3      | Noticed Sigmund
  2846 | D:3      | Killed Sigmund
  2847 | D:3      | Reached skill level 5 in Unarmed Combat
  2892 | D:3      | Found a runed translucent door.
  3068 | D:3      | Noticed Tollund's ghost (amateur DECj)
  3270 | D:3      | Reached XP level 7. HP: 46/46 MP: 7/7
  3280 | D:3      | Killed Tollund's ghost
  3638 | D:4      | Found a glowing silver altar of Zin.
  3645 | D:4      | Noticed Ijyb
  3669 | D:4      | Killed Ijyb
  3769 | D:4      | Found an ancient bone altar of Kikubaaqudgha.
  3770 | D:4      | Found a snail-covered altar of Cheibriados.
  3772 | D:4      | Found a blossoming altar of Fedhas.
  3772 | D:4      | Found a glowing golden altar of the Shining One.
  3773 | D:4      | Found a shimmering blue altar of Sif Muna.
  3780 | D:4      | Found an iron altar of Okawaru.
  3818 | D:4      | Reached skill level 6 in Unarmed Combat
  3885 | D:4      | Reached XP level 8. HP: 40/54 MP: 8/8
  4245 | D:5      | Entered Level 5 of the Dungeon
  4703 | D:5      | Noticed Eustachio
  4723 | D:5      | Killed Eustachio
  4842 | D:5      | Noticed Duvessa
  4845 | D:5      | Reached skill level 5 in Shapeshifting
  4845 | D:5      | Noticed Dowan
  4847 | D:5      | Reached skill level 7 in Unarmed Combat
  4912 | D:5      | Killed Duvessa
  4981 | D:5      | Killed Dowan
  4982 | D:5      | Reached skill level 5 in Dodging
  5963 | D:6      | Noticed a rust devil
  5981 | D:6      | Found a staircase to the Ecumenical Temple.
  5981 | D:6      | Noticed Pikel
  6214 | D:5      | Slain by a bullfrog

Illustrated notes

Levels and vault maps discovered:
D:1:      elethiomel_arrival_maze, layout_basic
D:2:      cheibrodos_helix_gallery, layout_basic, st_stairs_3,
          kennysheep_generic_room_11, uniq_natasha
D:3:      layout_basic, serial_forest, infiniplex_forest_end_2,
          infiniplex_forest_join, infiniplex_forest_fountain,
          infiniplex_forest_clump_tiny, infiniplex_forest_clump_long,
          infiniplex_forest_3_way, infiniplex_forest_straight_2,
          infiniplex_forest_end_3, infiniplex_forest_corner_2,
          infiniplex_forest_lined_2, ebering_ghost_sewer_d, serial_bayou_ford_a,
          uniq_jessica, uniq_sigmund
D:4:      kennysheep_the_goblin_king, layout_loops_ring,
          nicolae_overflow_hallway_of_the_gods, nicolae_grassy_gnolls
D:5:      layout_layer_cave, st_stairs_10, water_boxes_lemuel, uniq_eustachio,
          uniq_duvessa
D:6:      layout_basic, temple_garden, uniq_pikel

Skill      XL: |  1  2  3  4  5  6  7  8 |
---------------+-------------------------+-----
Fighting       | 2 3 4 |  4.8
Unarmed Combat | 4 5 6 7 |  7.5
Dodging        | 3 4 5 |  5.2
Shapeshifting  | 4 5 |  5.3

Action                     |  1- 3 |  4- 6 |  7- 9 || total
---------------------------+-------+-------+-------++-------
  Melee: Unarmed           |    42 |    95 |   257 ||   394
         Tentacles         |     8 |    17 |    81 ||   106
         Constrict         |    10 |    23 |    45 ||    78
         Punch             |     2 |     3 |    25 ||    30
    Use: Scroll            |     4 |     7 |     3 ||    14
         Potion            |       |     1 |       ||     1
   Stab: Sleeping          |     3 |     8 |     5 ||    16
 Armour: Skin              |    17 |    35 |    68 ||   120
  Dodge: Dodged            |    26 |    71 |   149 ||   246

Table legend: (Time is in decaauts)
 A = Elapsed time spent in this place.
 B = Non-inter-level travel time spent in this place.
 C = Inter-level travel time spent in this place.
 D = Time resting spent in this place.
 E = Time spent auto-exploring this place.
 F = Levels seen in this place.
 G = Mean time per level.
                   A        B        C        D        E       F      G
               +--------+--------+--------+--------+--------+-----+--------+
         Total |   6175 |   5990 |    185 |    437 |   4543 |   6 | 1029.2 |
       Dungeon |   6175 |   5990 |    185 |    437 |   4543 |   6 | 1029.2 |
               +--------+--------+--------+--------+--------+-----+--------+

Top non-repeatable levels by time:
     D:5: 1627 daAuts
     D:3: 1339 daAuts
     D:1: 1063 daAuts
     D:2: 1033 daAuts
     D:4: 833 daAuts
     D:6: 278 daAuts
